 Seeded DCSS version 0.29.1-15-g9cfb28693d (webtiles) character file.

Game seed: 10640581311454837566 (custom seed)

179 Mickster the Cudgeller (level 5, -2/53 HPs)
             Began as a Troll Berserker on May 7, 2023.
             Was a Follower of Trog.
             Slain by an orc
             ... wielding a +2 whip of electrocution
              (5 damage)
             ... on level 4 of the Dungeon.
             The game lasted 00:17:44 (1965 turns).

Mickster the Cudgeller (Troll Berserker)            Turns: 1965, Time: 00:17:45

Health: -2/53      AC:  5    Str: 27    XL:     5   Next: 32%
Magic:  4/4        EV: 14    Int:  3    God:    Trog [*.....]
Gold:   131        SH:  0    Dex:  9    Spells: 4/4 levels left

rFire   . . .      SeeInvis .   a - +0 mace (chaos)
rCold   . . .      Faith    .   (no shield)
rNeg    . . .      Spirit   .   b - +1 animal skin
rPois   .          Reflect  .   (helmet restricted)
rElec   .          Harm     .   (no cloak)
rCorr   .          Rampage  .   (gloves unavailable)
Will    .....                   (boots unavailable)
Stlth   +.........              (no amulet)
HPRegen 0.97/turn               n - +4 ring of evasion
MPRegen 0.09/turn               (no ring)

@: on berserk cooldown, slowed, very slow
A: large, unfitting armour, claws 3, regeneration 1, shaggy fur 1, tough skin 1
a: Renounce Religion, Berserk


You were on level 4 of the Dungeon.
You worshipped Trog.
Trog was aware of your devotion.
You visited 1 branch of the dungeon, and saw 4 of its levels.

You collected 131 gold pieces.

Inventory:

Hand Weapons
 a - a +0 mace of chaos (weapon)
 h - a +0 shortbow
 l - a +0 bardiche
Missiles
 d - 13 stones
 j - a throwing net
 m - 4 poisoned darts (quivered)
Armour
 b - a +1 animal skin (worn)
Jewellery
 n - a +4 ring of evasion (left claw)
Scrolls
 c - 2 scrolls of enchant armour
 k - a scroll of identify
 o - a scroll of fog
Potions
 e - a potion of berserk rage
 f - a potion of degeneration {unknown}
 g - 3 potions of curing
 i - a potion of heal wounds {unknown}


   Skills:
 + Level 3.0 Fighting
 * Level 4.5 Maces & Flails
 + Level 3.2 Dodging
 + Level 0.1 Stealth


You had 4 spell levels left.
You didn't know any spells.
Your spell library was empty.

Dungeon Overview and Level Annotations

Branches:
Dungeon (4/15)
 Temple: D:4-7

Altars:
Dithmenos
Sif Muna

Shops:
D:2 :


Innate Abilities, Weirdness & Mutations

You are too large for most types of armour.
You have claws for hands.
Your natural rate of healing is unusually fast.
You are covered in fur. (AC +1)
You have tough skin. (AC +1)


Message History

You sock something! Trog accepts your kill.
Trog appreciates your killing of a magic user.
Reactivating autopickup.
You feel a bit more experienced. The orc hits you with a +0 flail.
The orc hits you with a +0 hand axe. Something hits you.
Deactivating autopickup; reactivate with Ctrl-A.
The orc closely misses you. Something hits you but does no damage.
The orc closely misses you. The orc misses you.
You closely miss the orc. The orc misses you. The orc barely misses you.
The orc misses you.
Something hits you but does no damage. x2
The orc hits you with a +0 flail. The orc hits you with a +0 hand axe.
The orc misses you.
You closely miss the orc. The orc closely misses you.
The orc hits you with a +2 whip of electrocution.
The orc hits you but does no damage. Something hits you. x2
The orc closely misses you. x2; The orc hits you with a +0 hand axe.
* * * LOW HITPOINT WARNING * * *
Unknown command.
You hit the orc but do no damage.
The orc seems to grow stronger.
The orc hits you but does no damage. Something barely misses you.
The orc hits you with a +2 whip of electrocution.
* * * LOW HITPOINT WARNING * * *
The orc barely misses you.
You hit the orc.
The orc is moderately wounded.
The orc barely misses you. The orc misses you.
The orc hits you with a +0 hand axe.
* * * LOW HITPOINT WARNING * * *
Something hits you but does no damage. The orc closely misses you.
Something hits you but does no damage. The orc hits you with a +0 hand axe.
* * * LOW HITPOINT WARNING * * *
The orc hits you with a +2 whip of electrocution.
* * * LOW HITPOINT WARNING * * *
You hit the orc but do no damage.
The orc is poisoned.
The orc is moderately wounded.
The orc hits you with a +0 flail.
* * * LOW HITPOINT WARNING * * *
The orc hits you with a +2 whip of electrocution.
You die...

.. .........#
#....######.#.#...# #..
.... ..........
#..###.####.#.#.#..
#.................. #.#
#.............
#.####.............
##+##o##...............
#...o{@oo..............
#>..So##...............
#..#.................##
#. ##.#o##...........##
# #.#................
..####...........## #..
.............. #..
o............##
........##


You could see 5 orcs and a ball python.

Vanquished Creatures
  A centaur (D:3)
  An orc priest (D:4)
  An orc wizard (D:4)
  A worm (D:4)
  A dart slug (D:1)
  3 orcs
  2 ball pythons (D:2)
  2 bats
  4 endoplasms
  3 goblins
  4 hobgoblins
  3 jackals (D:1)
  3 kobolds
  3 quokkas
  3 frilled lizards
  4 rats
39 creatures vanquished.

Notes
Turn   | Place    | Note
-------+----------+-------------------------------------------
     0 | D:1      | Mickster the Troll Berserker began the quest for the Orb.
     0 | D:1      | Reached XP level 1. HP: 22/22 MP: 0/0
   217 | D:1      | Reached XP level 2. HP: 29/29 MP: 1/1
   384 | D:2      | Found Irenoit's Book Shop.
   386 | D:2      | Reached skill level 3 in Maces & Flails
   521 | D:2      | Found a faded altar of an unknown god.
   711 | D:2      | Reached XP level 3. HP: 36/36 MP: 2/2
   960 | D:3      | Noticed a centaur
   969 | D:3      | Killed a centaur
   970 | D:3      | Reached skill level 4 in Maces & Flails
   970 | D:3      | Reached XP level 4. HP: 14/44 MP: 3/3
   984 | D:3      | Found a shimmering blue altar of Sif Muna.
   986 | D:3      | Found a shadowy altar of Dithmenos.
  1885 | D:4      | Reached XP level 5. HP: 53/53 MP: 4/4
  1965 | D:4      | Slain by an orc

Illustrated notes

Levels and vault maps discovered:
D:1:      mainiacjoe_arrival_reflecting_pool, layout_loops_corners,
          hangedman_decor_slide_cut, minmay_misc_feat_cross,
          chequers_serial_rivers_micro_d
D:2:      layout_rooms, hellmonk_ecumenical_altar_inner_sanctum, serial_shops,
          nicolae_shop_window_shopping
D:3:      layout_basic, mainiacjoe_overflow_divided_tiny
D:4:      layout_basic, minmay_diced_spiral

Skill      XL: |  1  2  3  4 |
---------------+-------------+-----
Maces & Flails | 3 4 |  4.5
Dodging        | 3 |  3.2
Fighting       | 3 |  3.0
Stealth        | |  0.1

Action                   |  1- 3 |  4- 6 || total
-------------------------+-------+-------++-------
Melee: Mace              |    94 |    42 ||   136
       Punch             |     2 |       ||     2
Invok: Berserk           |     1 |     2 ||     3
  Use: Scroll            |     4 |     4 ||     8
       Potion            |     3 |       ||     3
Armor: Animal skin       |    68 |    18 ||    86
Dodge: Dodged            |    78 |    47 ||   125
